Map: Shipwrecked LE

Players

arsue

  • Race: Protoss Protoss
  • Spawn Location: 5:00

lGdKLBOYZ

  • Race: Protoss Protoss
  • League: Diamond
  • Spawn Location: 6:00

instigator

  • Race: Protoss Protoss
  • Spawn Location: 5:00

DestinyOpfa

  • Race: Terran Terran
  • Spawn Location: 3:00

MyAllyIsGay - Winner!

  • Race: Protoss Protoss
  • Spawn Location: 11:00

HighCommand - Winner!

  • Race: Terran Terran
  • Spawn Location: 9:00

Marshmallow - Winner!

  • Race: Protoss Protoss
  • Spawn Location: 9:00

Gal - Winner!

  • Race: Zerg Zerg
  • Spawn Location: 12:00

VOD

Have the link to the VOD?

Description

Time

  • Played on: May 15, 2019, 4:48 a.m.
  • Length: 15:16
Show
View Real Time Build Order
Export as new Build Order

arsue Protoss 

Build Orders:  

Get SALT Encoding   

  12  0:03  Probe  
  13  0:31  Probe  
  13  0:32  Pylon  
  14  0:43  Probe  
  15  0:53  Forge  
  15  1:13  Probe  
  16  1:25  Probe  
  17  1:37  Probe  
  18  2:02  Pylon  
  18  2:06  Pylon  
  18  2:19  Pylon  
  17  2:37  Pylon  
  16  2:47  Probe  
  16  2:51  Pylon  
  17  2:53  Assimilator  
  17  2:59  Probe, Assimilator  
  18  3:09  Gateway  
  18  3:11  Probe  
  19  3:18  Nexus  
  19  3:20  Probe, Assimilator  
  19  3:24  Assimilator  
  20  3:28  Probe  
  21  3:37  Probe  
  22  3:48  Gateway  
  22  3:49  Probe  
  23  4:01  Probe  
  24  4:07  Cybernetics Core  
  24  4:11  Pylon  
  24  4:12  Probe  
  25  4:20  Probe  
  25  4:28  Warp Gate, Probe  
  25  4:30  Gateway  
  27  4:40  Probe  
  27  4:45  Twilight Council  
  28  4:52  Probe  
  29  5:00  Pylon  
  29  5:05  Photon Cannon  
  29  5:09  Photon Cannon  
  29  5:18  Photon Cannon  
  29  5:22  Photon Cannon  
  29  5:30  Stalker x2  
  29  5:32  Probe x2  
  35  5:44  Probe x2  
  35  5:49  Gateway  
  37  5:56  Probe x2  
  39  6:08  Probe x2  
  41  6:20  Probe x2  
  40  6:49  Blink  
  40  7:03  Photon Cannon  
  40  7:17  Stalker x2  
  40  7:18  Stalker  
  46  7:47  Stalker x3  
  52  7:54  Probe  
  52  7:55  Probe  
  54  8:03  Pylon  
  54  8:04  Pylon  
  54  8:06  Probe, Pylon  
  54  8:07  Probe  
  54  8:08  Pylon  
  56  8:18  Probe  
  56  8:19  Probe  
  58  8:30  Probe  
  58  8:31  Probe  
  58  8:32  Protoss Ground Weapons Level 1  
  60  8:39  Pylon  
  60  8:42  Probe  
  60  8:43  Probe  
  52  9:20  Stalker  
  52  9:21  Stalker x2  
  52  9:33  Charge  
  52  9:35  Gateway x2  
  52  9:37  Gateway  
  52  9:40  Gateway  
  52  9:41  Gateway  
  52  9:42  Gateway  
  52  9:48  Stalker x2  
  52  9:49  Stalker  
  58  10:06  Pylon  
  58  10:18  Stalker x3  
  58  10:19  Stalker  
  66  10:40  Stalker x4  
  66  10:41  Stalker x4, Protoss Ground Armor Level 1  
  74  11:01  Stalker x2  
  60  11:15  Stalker x4  
  60  11:16  Stalker x4  
  62  11:38  Stalker x3  
  62  11:39  Stalker x2  
  66  11:43  Stalker x2  
  66  11:44  Stalker x2  
  72  12:00  Stalker  
  50  12:03  Stalker x5  
  58  12:29  Stalker  
  60  12:30  Stalker x4  
  60  12:31  Stalker x4  
  60  12:32  Stalker  
  58  13:10  Stalker x3  
  58  13:11  Stalker x5  
  58  13:12  Stalker x2  
  63  13:46  Stalker x5  
  63  13:47  Stalker x3  
  63  13:48  Stalker x2  
  71  14:14  Stalker x2  
  71  14:15  Stalker x5  
  71  14:16  Stalker x3  
  73  14:56  Stalker x2  
Show
View Real Time Build Order
Export as new Build Order

lGdKLBOYZ Protoss 

Build Orders: Oracle Opening 

Get SALT Encoding   

  12  0:02  Probe  
  13  0:14  Probe  
  13  0:20  Pylon  
  14  0:26  Probe  
  15  0:34  Probe  
  15  0:42  Probe  
  16  0:43  Gateway  
  17  0:52  Probe  
  17  0:55  Assimilator  
  18  0:59  Assimilator  
  18  1:04  Probe  
  18  1:10  Gateway  
  19  1:17  Probe  
  20  1:29  Probe  
  21  1:33  Cybernetics Core  
  21  1:38  Pylon  
  21  1:41  Probe  
  22  1:53  Probe  
  23  2:02  Adept x2  
  23  2:05  Probe  
  24  2:15  Warp Gate  
  28  2:18  Stargate  
  28  2:21  Probe  
  29  2:31  Pylon  
  29  2:34  Adept  
  31  3:00  Nexus  
  31  3:04  Oracle  
  34  3:37  Probe  
  31  3:42  Oracle  
  34  3:49  Probe  
  34  3:50  Assimilator  
  35  3:56  Assimilator  
  35  3:59  Pylon  
  35  4:01  Probe  
  36  4:13  Probe  
  37  4:18  Phoenix  
  37  4:20  Probe  
  40  4:26  Probe  
  41  4:32  Probe  
  41  4:35  Stargate  
  41  4:38  Probe  
  40  4:39  Zealot  
  40  4:40  Zealot  
  40  4:43  Void Ray  
  40  4:44  Probe  
  40  4:50  Probe  
  34  4:56  Probe  
  39  5:02  Probe, Zealot  
  38  5:08  Probe  
  24  5:14  Probe  
  24  5:20  Probe  
  22  5:26  Probe  
  21  5:32  Probe  
  22  5:38  Probe  
  15  5:44  Probe  
  11  6:07  Probe  
  12  6:15  Probe x2  
  12  6:23  Probe  
  12  6:25  Probe  
  12  6:44  Pylon  
  12  6:47  Forge  
  12  6:54  Probe  
  12  6:55  Probe  
  14  7:06  Probe  
  14  7:07  Probe  
  16  7:18  Probe  
  17  7:24  Probe  
  17  7:27  Photon Cannon  
  18  7:30  Pylon  
  18  7:32  Probe  
  18  7:36  Probe  
  20  7:44  Probe  
  20  7:47  Probe  
  20  7:50  Photon Cannon  
  22  7:52  Probe  
  22  7:55  Probe  
  23  8:00  Probe  
  25  8:07  Probe  
  25  8:10  Probe, Pylon  
  27  8:19  Probe  
  28  8:21  Probe  
  29  8:29  Probe  
  29  8:30  Probe  
  31  8:37  Probe, Photon Cannon  
  31  8:38  Probe  
  33  8:50  Probe  
  33  8:53  Pylon  
  34  8:55  Probe  
  35  9:03  Probe  
  35  9:07  Probe  
  37  9:14  Assimilator  
  37  9:15  Probe  
  38  9:20  Probe, Shield Battery  
  39  9:27  Probe  
  40  9:47  Pylon  
  40  10:09  Probe  
  41  10:20  Nexus  
  41  10:25  Nexus  
  41  10:26  Photon Cannon  
  41  10:29  Probe  
  42  10:38  Photon Cannon  
  36  10:50  Probe  
  36  10:52  Probe  
  36  10:55  Pylon  
  34  11:02  Probe  
  34  11:14  Photon Cannon  
  34  11:17  Probe  
  33  11:20  Probe  
  33  11:29  Probe  
  29  11:40  Photon Cannon  
Show
View Real Time Build Order
Export as new Build Order

instigator Protoss 

Build Orders: 1 Gate Expand, Blink Stalkers 

Get SALT Encoding   

  12  0:02  Probe  
  13  0:14  Probe  
  13  0:19  Pylon  
  15  0:28  Probe  
  15  0:39  Gateway  
  15  0:50  Probe  
  16  1:09  Probe  
  16  1:10  Nexus  
  16  1:18  Probe  
  17  1:24  Assimilator  
  18  1:27  Probe  
  19  1:37  Cybernetics Core  
  19  1:42  Probe, Assimilator  
  20  1:50  Probe  
  20  2:00  Probe  
  22  2:12  Probe  
  22  2:14  Warp Gate  
  23  2:21  Probe  
  24  2:24  Probe  
  24  2:26  Stalker  
  27  2:33  Probe  
  27  2:36  Probe  
  29  2:39  Pylon  
  29  2:41  Probe  
  29  2:48  Probe  
  29  2:49  Probe  
  29  2:50  Twilight Council  
  32  2:59  Assimilator  
  32  3:00  Probe x2  
  35  3:12  Probe  
  35  3:13  Blink  
  35  3:15  Gateway  
  35  3:17  Probe  
  35  3:19  Pylon  
  36  3:25  Probe  
  37  3:29  Probe, Assimilator  
  38  3:40  Robotics Facility  
  38  3:45  Gateway  
  38  3:47  Forge  
  38  3:50  Pylon  
  38  3:52  Probe  
  39  4:05  Gateway  
  39  4:10  Gateway  
  39  4:13  Pylon  
  39  4:20  Protoss Ground Weapons Level 1, Gateway  
  39  4:23  Photon Cannon  
  39  4:27  Warp Prism  
  41  4:31  Stalker  
  41  4:33  Stalker  
  45  4:44  Zealot  
  39  5:01  Photon Cannon, Zealot  
  39  5:02  Zealot x2  
  39  5:03  Observer  
  46  5:09  Stalker x2  
  50  5:14  Charge  
  50  5:24  Zealot x3  
  50  5:26  Stalker  
  47  5:38  Stalker x2  
  51  5:49  Stalker  
  53  5:50  Stalker x3  
  57  6:05  Photon Cannon  
  57  6:09  Stalker x2, Pylon  
  61  6:19  Stalker x2  
  63  6:31  Protoss Ground Weapons Level 2  
  63  7:01  Pylon  
  63  7:03  Photon Cannon  
  63  7:07  Pylon  
  61  7:12  Stalker x6  
  57  7:44  Stalker x4  
  57  7:45  Stalker x2  
  69  7:51  Photon Cannon  
  69  7:57  Photon Cannon  
  69  8:00  Photon Cannon  
  69  8:09  Stalker  
  69  8:10  Stalker x2  
  75  8:30  Stalker  
  75  8:31  Stalker x2  
  75  8:34  Stalker x3  
  53  9:04  Stalker x3  
  53  9:05  Stalker x3  
  55  9:23  Protoss Ground Weapons Level 3  
  49  9:28  Stalker x2  
  49  9:29  Stalker x4  
  61  10:01  Stalker x5  
  61  10:02  Stalker  
  73  10:08  Gateway  
  73  10:25  Zealot x5  
  82  10:29  Zealot  
  74  11:07  Stalker x6  
  38  11:30  Zealot  
  38  11:31  Zealot x3  
  38  11:32  Stalker x2  
Show
View Real Time Build Order
Export as new Build Order

DestinyOpfa Terran 

Build Orders: Mech 

Get SALT Encoding   

  12  0:02  SCV  
  13  0:15  Supply Depot  
  13  0:21  SCV  
  14  0:33  SCV  
  15  0:38  Barracks  
  15  0:45  SCV  
  16  0:53  Refinery  
  16  0:57  SCV  
  17  1:21  SCV  
  18  1:30  Barracks  
  18  1:33  SCV  
  19  1:45  Barracks Tech Lab  
  19  1:46  Orbital Command  
  19  2:07  Supply Depot  
  19  2:11  Refinery  
  18  2:22  SCV, Stimpack  
  19  2:35  SCV  
  20  2:37  Command Center  
  20  2:47  SCV  
  21  2:56  Factory  
  21  3:18  Engineering Bay  
  21  3:33  Marauder  
  23  3:37  Barracks  
  23  3:40  Factory Tech Lab  
  23  3:43  Command Center  
  23  3:50  Supply Depot  
  23  3:51  Orbital Command  
  23  4:03  Missile Turret  
  23  4:06  SCV  
  24  4:11  Marauder  
  26  4:18  SCV  
  30  4:25  Barracks Reactor  
  30  4:31  SCV  
  31  4:43  SCV  
  31  4:45  Hellion  
  31  4:50  Factory  
  31  4:52  Marauder  
  33  4:53  Concussive Shells  
  33  4:56  SCV  
  34  5:00  Planetary Fortress  
  34  5:07  Terran Infantry Weapons Level 1  
  34  5:08  SCV  
  34  5:11  Hellion  
  37  5:15  SCV  
  37  5:16  Marine x2  
  37  5:17  Marauder  
  42  5:27  SCV  
  43  5:34  Hellion  
  43  5:38  Marauder, Marine x2  
  43  5:41  SCV  
  48  5:53  SCV  
  48  5:56  Factory Reactor  
  47  5:58  Hellion  
  47  6:00  Factory  
  49  6:05  Marauder, Marine x2  
  49  6:07  SCV  
  54  6:19  SCV  
  54  6:20  Supply Depot, Hellion  
  57  6:32  SCV  
  58  6:43  Supply Depot  
  58  6:46  Missile Turret  
  58  6:47  Marine  
  58  6:48  Marine  
  58  6:52  Armory, SCV  
  61  6:58  Missile Turret  
  61  7:04  SCV, Hi-Sec Auto Tracking  
  61  7:07  Missile Turret  
  62  7:09  Marine x2  
  62  7:11  Marauder  
  62  7:14  Hellion x2  
  62  7:15  Factory Reactor  
  70  7:17  SCV  
  70  7:21  Missile Turret  
  71  7:29  SCV  
  66  7:39  Missile Turret  
  66  7:41  SCV  
  67  7:51  Marine x2  
  69  7:52  Marauder, Thor  
  69  7:53  SCV  
  69  7:55  Smart Servos  
  69  7:57  Terran Vehicle Weapons Level 1  
  78  8:02  Supply Depot  
  78  8:05  SCV  
  79  8:06  SCV  
  80  8:14  Starport  
  80  8:16  Refinery  
  80  8:17  SCV  
  80  8:18  SCV  
  82  8:20  Refinery  
  82  8:25  Combat Shield  
  82  8:29  Hellion x2, Marine x2  
  82  8:30  SCV  
  89  8:37  Supply Depot  
  89  8:40  Supply Depot  
  89  8:42  SCV  
  89  8:44  SCV  
  91  8:54  SCV  
  92  8:56  SCV  
  92  8:59  Supply Depot  
  82  9:03  Supply Depot  
  63  9:16  Marine x2  
  63  9:17  Marauder  
  63  9:20  Hellbat x2  
  63  9:22  Thor  
  63  9:23  Hellbat  
  63  9:24  Infernal Pre-Igniter, Hellbat  
  67  9:27  Terran Infantry Armor Level 1  
  61  9:33  SCV, Refinery  
  61  9:35  SCV  
  61  9:37  Starport Reactor  
  63  9:44  Marine x2, Hellbat x2  
  69  9:45  SCV  
  69  9:46  Marauder  
  69  9:47  SCV  
  69  9:51  Terran Vehicle And Ship Armor Level 1  
  73  9:57  SCV  
  73  9:58  Refinery  
  73  9:59  SCV, Hellbat x2  
  79  10:02  Marine x2  
  81  10:10  SCV  
  81  10:11  SCV  
  81  10:14  Thor, Hellbat x2  
  93  10:22  SCV  
  93  10:23  SCV  
  95  10:28  Marine  
  95  10:29  Marine  
  95  10:30  Marauder  
  97  10:41  Hellbat x2  
  97  10:42  Hellbat x2  
  103  10:46  Marine x2  
  105  10:59  Medivac x2  
  105  11:00  SCV  
  110  11:12  SCV  
  110  11:18  SCV  
  112  11:20  Thor  
  112  11:22  Hellbat x3  
  112  11:24  SCV  
  125  11:28  Supply Depot  
  125  11:49  Viking x2, SCV x2  
  125  11:50  Hellbat  
  133  11:56  Supply Depot  
  133  11:58  Terran Infantry Weapons Level 2  
  133  12:00  Terran Vehicle Weapons Level 2  
  133  12:07  Marine  
  133  12:08  Marine  
  133  12:17  Marauder  
  133  12:19  Supply Depot  
  126  12:32  Marine x2  
  125  12:40  Marauder  
  125  12:42  Supply Depot  
Show
View Real Time Build Order
Export as new Build Order

MyAllyIsGay Protoss - Winner!

Build Orders: Phoenix Opening, Carriers, Mass Phoenix 

Get SALT Encoding   

  12  0:01  Probe  
  13  0:14  Probe  
  14  0:18  Pylon  
  14  0:26  Probe  
  15  0:34  Probe  
  15  0:42  Probe  
  17  0:52  Probe  
  18  1:07  Nexus  
  18  1:10  Probe  
  19  1:19  Gateway  
  19  1:26  Assimilator  
  19  1:29  Assimilator  
  19  1:31  Probe  
  20  1:44  Probe  
  21  1:56  Probe  
  22  2:04  Pylon  
  22  2:06  Cybernetics Core  
  22  2:08  Probe  
  23  2:20  Probe x2  
  25  2:32  Probe x2  
  28  2:44  Probe x2  
  28  2:49  Stargate  
  29  2:55  Stargate  
  29  3:04  Probe x2  
  31  3:11  Forge  
  29  3:32  Phoenix  
  26  3:40  Phoenix  
  27  3:41  Probe  
  27  3:42  Probe  
  29  3:53  Probe  
  29  3:54  Probe  
  33  4:03  Photon Cannon  
  33  4:06  Probe x2  
  35  4:13  Phoenix  
  37  4:18  Probe  
  37  4:23  Phoenix  
  40  4:24  Probe  
  40  4:30  Probe  
  42  4:38  Phoenix  
  44  4:45  Photon Cannon  
  44  4:46  Pylon  
  44  4:54  Probe x2  
  44  4:56  Pylon  
  44  4:59  Assimilator  
  46  5:03  Assimilator  
  46  5:20  Phoenix x2  
  48  5:41  Probe x2  
  50  5:44  Photon Cannon  
  50  5:45  Phoenix  
  50  5:46  Photon Cannon  
  52  5:53  Probe x2  
  54  6:05  Probe x2  
  54  6:09  Phoenix  
  54  6:10  Phoenix  
  60  6:17  Probe x2  
  62  6:27  Pylon  
  62  6:28  Pylon  
  62  6:31  Pylon  
  62  6:45  Probe x2, Phoenix  
  66  6:51  Phoenix  
  64  6:57  Probe x2  
  64  6:58  Fleet Beacon  
  66  7:03  Nexus  
  66  7:09  Probe x2  
  66  7:10  Phoenix  
  70  7:16  Phoenix  
  70  7:21  Probe x2  
  74  7:35  Phoenix  
  74  7:39  Stargate  
  74  7:40  Probe x2  
  74  7:41  Phoenix  
  74  7:43  Pylon  
  78  7:52  Probe x2  
  80  7:59  Pylon  
  80  8:02  Photon Cannon  
  80  8:04  Probe x2, Protoss Air Weapons Level 1  
  80  8:05  Protoss Shields Level 1, Shield Battery  
  82  8:14  Carrier  
  82  8:16  Probe x2  
  90  8:28  Probe x2  
  92  8:36  Carrier  
  92  8:37  Probe  
  99  8:41  Probe, Assimilator  
  99  8:42  Probe  
  99  8:45  Assimilator  
  95  9:29  Carrier  
  95  9:30  Carrier  
  107  9:31  Probe x2  
  107  9:32  Probe  
  110  9:46  Carrier  
  116  9:54  Pylon  
  116  9:56  Pylon  
  116  9:57  Pylon  
  116  9:58  Pylon  
  116  10:11  Stargate  
  116  10:14  Stargate  
  116  10:20  Photon Cannon  
  116  10:22  Photon Cannon  
  116  10:23  Photon Cannon  
  116  10:25  Photon Cannon, Shield Battery  
  116  10:26  Shield Battery  
  116  10:28  Shield Battery  
  116  10:29  Shield Battery  
  116  10:35  Photon Cannon  
  116  10:37  Photon Cannon, Carrier  
  122  10:46  Carrier  
  122  10:47  Protoss Air Armor Level 1  
  116  11:14  Carrier x2  
  128  11:28  Carrier  
  134  11:46  Carrier  
  140  11:55  Nexus  
  140  11:57  Pylon  
  140  11:58  Carrier  
  140  11:59  Pylon  
  146  12:04  Pylon  
  146  12:05  Pylon  
  146  12:07  Assimilator  
  146  12:11  Assimilator  
  146  12:21  Carrier  
  126  13:19  Tempest x2  
  131  13:20  Tempest x2  
  131  13:25  Tempest  
  131  13:26  Photon Cannon  
  151  13:28  Photon Cannon  
  151  13:30  Photon Cannon  
  151  13:32  Photon Cannon  
  151  13:34  Photon Cannon  
  151  13:36  Photon Cannon  
  151  13:39  Shield Battery  
  145  13:41  Shield Battery  
  145  13:45  Photon Cannon  
  145  13:48  Photon Cannon  
  145  13:51  Photon Cannon  
  145  13:53  Shield Battery  
  145  14:02  Tempest x2  
  150  14:08  Carrier x2  
  172  14:38  Nexus  
Show
View Real Time Build Order
Export as new Build Order

HighCommand Terran - Winner!

Build Orders: Command Center First (CC) 

Get SALT Encoding   

  12  0:01  SCV  
  13  0:13  SCV  
  14  0:26  Supply Depot  
  14  0:32  SCV  
  15  0:48  SCV  
  16  1:00  SCV  
  17  1:13  Command Center  
  17  1:31  SCV  
  18  1:35  Refinery x2  
  18  1:43  SCV  
  19  1:51  Barracks  
  19  1:55  SCV  
  20  2:07  SCV  
  21  2:19  SCV  
  22  2:31  SCV x2  
  24  2:38  Barracks  
  24  2:43  SCV  
  24  2:44  SCV  
  26  2:48  Barracks  
  26  2:55  SCV  
  26  2:56  SCV  
  27  3:05  Marine  
  28  3:08  SCV x2  
  30  3:20  Barracks, SCV x2  
  30  3:21  Barracks  
  30  3:22  Barracks  
  30  3:23  Supply Depot  
  30  3:26  Supply Depot  
  32  3:33  Supply Depot  
  32  3:36  Supply Depot  
  32  3:39  Orbital Command  
  32  3:45  Marine  
  32  3:46  Marine x2  
  35  4:04  Engineering Bay  
  35  4:09  Marine  
  35  4:10  Marine x3  
  35  4:12  Marine x2  
  41  4:23  SCV  
  43  4:26  Orbital Command  
  43  4:27  Marine x2  
  43  4:28  Marine x2  
  46  4:33  Missile Turret  
  46  4:35  SCV  
  47  4:44  Marine x2  
  47  4:45  Missile Turret, Marine x2  
  50  4:47  SCV  
  53  4:59  SCV  
  54  5:00  Barracks Tech Lab  
  54  5:02  Barracks Reactor, Marine  
  54  5:03  Marine  
  54  5:04  Barracks Tech Lab  
  54  5:05  Barracks Reactor  
  55  5:08  SCV  
  55  5:11  SCV  
  57  5:18  Factory  
  57  5:20  SCV, Refinery  
  58  5:23  SCV, Refinery  
  59  5:32  SCV  
  60  5:35  SCV  
  60  5:37  Marine  
  60  5:38  Marine x3  
  65  5:45  SCV  
  65  5:48  SCV  
  67  5:51  Marine  
  67  5:52  Marine x2  
  70  6:06  Marine  
  70  6:07  Marine  
  70  6:08  Marine  
  70  6:09  Marine  
  70  6:11  SCV  
  70  6:14  Marine  
  70  6:16  Marine  
  70  6:18  Marine  
  70  6:19  Marine  
  70  6:24  Marine  
  70  6:25  Marine x2  
  65  6:27  Marine  
  65  6:30  Combat Shield, Stimpack  
  65  6:32  Marine  
  63  6:34  Marine  
  63  6:35  Marine  
  63  6:36  Factory Reactor  
  63  6:37  Marine  
  63  6:39  Factory  
  66  6:42  Marine  
  66  6:43  Marine x2  
  66  6:45  Supply Depot  
  69  6:47  Supply Depot  
  69  6:49  Supply Depot  
  69  6:50  Marine  
  69  6:51  Supply Depot x2  
  70  7:05  Marine  
  70  7:06  Marauder, Marine x5  
  70  7:08  Marine  
  71  7:23  Marine  
  71  7:24  Marine x5  
  71  7:25  Marine  
  71  7:28  Marauder  
  71  7:31  SCV  
  71  7:32  SCV  
  71  7:37  Engineering Bay  
  71  7:38  Factory Tech Lab  
  71  7:41  Marine  
  71  7:42  Starport, Marine x5  
  71  7:43  SCV, Marine  
  80  7:44  SCV  
  80  7:46  Terran Infantry Weapons Level 1  
  80  7:49  Concussive Shells, Marine  
  81  7:55  SCV  
  81  7:56  SCV  
  83  7:58  Marine  
  83  7:59  Marine x2  
  83  8:00  Marauder, Command Center  
  83  8:01  Marine x3  
  91  8:07  Marauder  
  91  8:11  SCV x2  
  95  8:16  Marine  
  95  8:17  Marine  
  97  8:21  Marauder  
  97  8:23  SCV  
  97  8:24  SCV  
  101  8:28  Marauder  
  101  8:29  Marine  
  101  8:30  Starport Reactor  
  101  8:32  Siege Tank  
  107  8:35  SCV, Hellion  
  110  8:53  SCV x2  
  110  9:00  Hellion, Marauder  
  110  9:02  Refinery  
  100  9:03  Hellion  
  100  9:04  Siege Tank  
  100  9:05  SCV x2  
  100  9:06  Refinery  
  89  9:12  Marine x5  
  89  9:14  Missile Turret  
  79  9:17  Medivac, SCV  
  85  9:21  Hellion  
  85  9:22  Orbital Command  
  89  9:24  Hellion  
  87  9:35  Marine  
  87  9:36  Marine x6  
  87  9:37  Siege Tank  
  97  9:41  Terran Infantry Armor Level 1  
  97  9:43  Hellion  
  99  9:46  Hellion  
  99  9:47  Marauder  
  103  9:57  Missile Turret  
  106  10:00  Missile Turret  
  106  10:04  Medivac x2  
  110  10:11  Command Center  
  107  10:33  Medivac  
  107  10:34  Medivac  
  96  11:07  Marine x7  
  96  11:08  Marauder  
  105  11:13  Medivac  
  105  11:14  Medivac  
  109  11:22  Siege Tank  
  109  11:24  Marine  
  109  11:25  Marine x5  
  110  11:26  Marauder  
  110  11:29  Marauder  
  110  11:40  Orbital Command  
  110  11:42  Marine  
  110  11:43  Marine x5  
  116  11:47  Marauder  
  116  11:51  Marauder  
  120  11:55  Siege Tank  
  120  12:00  Marine  
  120  12:01  Marine x5  
  123  12:02  Hellion x2  
  122  12:08  Marauder  
  122  12:12  Marauder  
  123  12:16  Armory  
  123  12:18  Marine x4  
  123  12:19  Marine x2  
  129  12:23  Hellion x2  
  129  12:24  SCV x3  
  129  12:27  Siege Tank  
  129  12:28  Refinery  
  139  12:36  Marine  
  140  12:41  Missile Turret  
  140  12:46  Missile Turret x2  
  140  12:47  Missile Turret  
  140  12:49  Supply Depot  
  140  12:50  Supply Depot x3  
  140  12:52  Supply Depot  
  140  13:06  Marine  
  140  13:10  Hellion, Medivac x2, SCV, Marine  
  140  13:11  Siege Tank, Marine x4  
  140  13:12  Marauder x2  
  159  13:16  Supply Depot x2  
  159  13:20  Supply Depot  
  159  13:24  Marine  
  159  13:25  Hellion  
  158  13:28  Marine  
  158  13:29  Marine x4  
  158  13:30  Refinery  
  158  13:32  Hellion, Marine x2  
  158  13:34  Refinery  
  165  13:40  Medivac  
  165  13:42  Marine  
  165  13:43  Siege Tank  
  165  13:45  Marine  
  165  13:47  Hellion, Marine x4  
  176  13:50  Medivac, Marine x2  
  177  14:00  Marine  
  178  14:02  Refinery, Command Center  
  178  14:03  Marine  
  178  14:04  Marine x4  
  178  14:08  Marine x2  
  185  14:10  Medivac  
  185  14:15  Siege Tank  
  186  14:20  Medivac  
  186  14:22  Marine x3  
  186  14:23  Marine x3  
  177  14:26  Marauder x2  
  164  14:40  Medivac, Marine x4  
  164  14:41  Supply Depot, Marine x2  
  166  14:48  Marauder x2  
  161  14:58  Marine x3  
  145  15:02  Command Center  
  145  15:05  Supply Depot  
  142  15:07  Refinery  
Show
View Real Time Build Order
Export as new Build Order

Marshmallow Protoss - Winner!

Build Orders:  

Get SALT Encoding   

  12  0:31  Pylon  
  12  0:53  Gateway  
  12  1:02  Probe  
  12  1:10  Probe  
  13  1:13  Assimilator  
  13  1:18  Assimilator  
  14  1:19  Probe  
  14  1:21  Pylon  
  15  1:27  Forge, Probe  
  16  1:35  Probe  
  17  1:46  Probe  
  18  1:58  Probe  
  18  2:00  Photon Cannon  
  19  2:10  Probe  
  20  2:18  Probe  
  21  2:26  Probe, Cybernetics Core  
  21  2:36  Probe, Pylon  
  23  2:48  Probe  
  24  2:57  Nexus  
  24  3:06  Probe  
  25  3:18  Probe  
  26  3:30  Probe  
  26  3:32  Stargate  
  27  3:35  Stargate  
  27  3:37  Stargate  
  27  3:45  Pylon  
  27  4:01  Cybernetics Core  
  27  4:03  Pylon  
  27  4:09  Photon Cannon  
  18  4:17  Photon Cannon  
  18  4:18  Probe  
  12  4:26  Probe  
  9  4:36  Probe  
  10  4:52  Probe  
  11  5:11  Probe  
  12  5:17  Probe  
  13  5:26  Probe  
  14  5:37  Probe  
  15  5:48  Probe  
  16  5:55  Probe  
  17  6:00  Probe  
  18  6:07  Probe  
  19  6:12  Probe  
  20  6:19  Probe  
  20  6:24  Probe  
  22  6:30  Probe  
  23  6:33  Probe  
  23  6:38  Probe  
  24  6:41  Probe  
  24  6:46  Probe  
  26  6:50  Probe  
  28  6:56  Probe  
  29  7:01  Probe  
  29  7:04  Probe  
  30  7:10  Probe  
  30  7:12  Probe  
  32  7:18  Probe  
  34  7:24  Probe  
  34  7:26  Probe  
  35  7:34  Probe  
  35  7:36  Probe, Void Ray  
  37  7:42  Void Ray  
  46  7:45  Probe  
  46  7:48  Probe  
  48  7:52  Void Ray  
  48  7:57  Probe  
  48  7:58  Probe  
  53  8:00  Pylon  
  54  8:06  Probe  
  54  8:10  Assimilator  
  55  8:14  Probe, Assimilator  
  55  8:19  Void Ray  
  56  8:26  Probe, Void Ray  
  65  8:35  Void Ray  
  65  8:38  Probe  
  70  8:51  Probe  
  71  9:03  Probe  
  71  9:08  Void Ray  
  76  9:15  Probe  
  77  9:37  Pylon  
  77  9:45  Pylon  
  77  9:46  Pylon  
  77  9:55  Void Ray x2  
  85  10:03  Stargate  
  85  10:04  Nexus  
  85  10:09  Fleet Beacon  
  85  10:13  Void Ray  
  89  10:18  Protoss Air Armor Level 1  
  89  10:42  Void Ray  
  89  10:43  Void Ray  
  97  11:12  Void Ray  
  101  11:20  Assimilator  
  101  11:25  Void Ray, Assimilator  
  101  11:30  Void Ray  
  101  11:31  Void Ray  
  89  12:13  Probe  
  77  12:21  Probe, Void Ray x3  
  77  12:22  Void Ray  
  90  12:27  Protoss Air Weapons Level 1  
  91  12:30  Probe  
  92  12:42  Probe  
  93  12:54  Probe  
  94  13:07  Void Ray x2  
  94  13:08  Void Ray x2  
  106  13:44  Pylon  
  106  13:45  Pylon x2  
  106  13:49  Pylon  
  106  13:54  Void Ray x3  
  114  13:56  Void Ray  
  86  14:17  Probe  
  99  14:42  Stargate  
  103  14:46  Nexus  
  103  15:00  Nexus  
Show
View Real Time Build Order
Export as new Build Order

Gal Zerg - Winner!

Build Orders: Hatch First, Lurkers 

Get SALT Encoding   

  12  0:02  Drone  
  13  0:08  Drone  
  14  0:39  Hatchery  
  13  0:53  Spawning Pool  
  13  0:55  Extractor  
  11  0:57  Drone  
  11  1:03  Drone  
  13  1:09  Drone  
  14  1:20  Overlord  
  14  1:41  Zergling x6  
  17  1:48  Queen  
  19  1:54  Drone  
  20  2:03  Drone  
  20  2:05  Zergling x2  
  22  2:13  Zergling x2  
  22  2:15  Zergling x2  
  24  2:28  Drone x2  
  26  2:33  Metabolic Boost  
  26  2:45  Drone  
  26  2:46  Drone  
  28  2:54  Overlord  
  25  3:16  Zergling x12  
  30  3:29  Drone x2, Zergling x2  
  30  3:30  Zergling x2  
  34  3:41  Drone  
  35  3:42  Overlord  
  35  3:58  Spore Crawler  
  35  3:59  Overlord  
  35  4:00  Drone  
  35  4:02  Drone  
  36  4:13  Drone x3  
  39  4:23  Drone x2  
  41  4:24  Spore Crawler  
  41  4:30  Drone x2  
  42  4:39  Drone x3  
  45  4:50  Zergling x6  
  46  4:58  Zergling x2  
  45  5:05  Zergling x4  
  47  5:11  Zergling x2  
  45  5:19  Zergling x2  
  46  5:28  Zergling x4  
  47  5:42  Drone x3  
  50  5:44  Queen  
  47  6:07  Lair  
  47  6:09  Extractor, Drone x3  
  47  6:10  Drone  
  50  6:17  Overlord x2  
  50  6:25  Hatchery, Extractor  
  49  6:26  Extractor, Drone x2  
  49  6:45  Drone  
  49  6:46  Drone x2  
  52  6:51  Evolution Chamber, Drone  
  52  6:52  Evolution Chamber  
  51  6:59  Drone x2  
  52  7:10  Hydralisk Den  
  48  7:17  Zergling x2  
  43  7:23  Zerg Ground Armor Level 1, Zerg Missile Weapons Level 1  
  43  7:24  Overlord x2  
  43  7:27  Drone x2  
  43  7:28  Drone x2  
  47  7:31  Queen  
  47  7:33  Pneumatized Carapace  
  49  7:39  Queen  
  49  7:40  Drone  
  49  7:43  Grooved Spines  
  49  7:44  Hydralisk x5  
  62  7:56  Hydralisk x5  
  72  8:02  Hydralisk x2  
  76  8:07  Burrow  
  76  8:13  Hydralisk x3  
  80  8:21  Hydralisk  
  80  8:22  Hydralisk  
  75  8:27  Hydralisk x2  
  75  8:34  Zergling x8  
  81  8:46  Overlord  
  81  8:53  Hydralisk x2  
  81  8:55  Muscular Augments  
  79  8:56  Overlord x2  
  75  9:09  Zergling x16  
  63  9:18  Lurker Den  
  62  9:26  Zergling x4  
  62  9:27  Zergling x12  
  63  9:51  Zerg Ground Armor Level 2, Zerg Missile Weapons Level 2  
  62  9:53  Drone  
  62  9:54  Drone x10  
  71  10:19  Spine Crawler  
  71  10:20  Spine Crawler  
  69  10:24  Drone x6  
  69  10:25  Spine Crawler  
  69  10:27  Extractor  
  73  10:29  Extractor  
  73  10:34  Infestation Pit  
  71  10:48  Hydralisk x9  
  86  10:50  Hydralisk  
  86  10:56  Hydralisk  
  86  10:57  Hydralisk x2  
  87  11:23  Overseer  
  87  11:24  Overseer  
  87  11:37  Hydralisk x9  
  87  11:39  Overlord x2  
  105  11:40  Overlord  
  105  11:47  Lurker  
  106  12:06  Overseer x2  
  106  12:12  Hive  
  106  12:18  Hydralisk x2  
  106  12:19  Hydralisk  
  106  12:20  Overlord  
  106  12:21  Overlord x3  
  112  12:25  Zergling x6  
  112  12:26  Hydralisk x3  
  112  12:28  Drone x3  
  124  12:44  Zergling x6  
  127  13:01  Overlord x2  
  127  13:02  Overlord  
  127  13:10  Hatchery  
  126  13:34  Hydralisk x11  
  126  13:35  Hydralisk x2  
  147  13:41  Lurker x3  
  147  13:42  Lurker x5  
  147  13:47  Adaptive Talons  
  155  13:57  Zergling x4  
  155  13:58  Zergling x4  
  159  14:16  Drone x5  
  164  14:22  Queen  
  164  14:23  Overlord  
Tags
 
Add a new tag
Caveats
  • Supply blocks, unpowered buildings, or Contaminate may cause inaccurate times.
  • Supply counts are checked every 10 seconds.